 Dungeon Crawl Stone Soup version 0.31-a0-1074-g0b22e4e0f1 (webtiles) character file.

Game seed: 11091117868033494597

287 javelincjr the Magician (level 6, 0/46 HPs)
             Began as a Djinni Hedge Wizard on Nov 21, 2023.
             Slain by an iguana (9 damage)
             ... on level 3 of the Dungeon on Nov 27, 2023.
             The game lasted 00:14:01 (2733 turns).

javelincjr the Magician (Djinni Hedge Wizard)       Turns: 2733, Time: 00:14:01

Health: 0/46       AC:  5    Str:  9    XL:     6   Next: 56%
Gold:   115        EV: 12    Int: 18    God:
                   SH:  0    Dex: 12

rFire   + + .        m - +1 dagger (distort)
rCold   x . .        (no shield)
rNeg    . . .        u - +2 leather armour {rPois}
rPois   ∞            c - +0 hat
rElec   .            (no cloak)
rCorr   .            (no gloves)
SInv    .            (boots unavailable)
Will    .....        (no amulet)
Stlth   ++           (no ring)
HPRegen 0.27/turn    (no ring)
MPRegen 0.00/turn

%: infuse magic (-1 HP)
@: flying
A: sickness immunity, fire resistance 2, cold vulnerability 1, float, innate
caster, HP casting, extra vitality 1
a: no special abilities


You were on level 3 of the Dungeon.
You visited 1 branch of the dungeon, and saw 4 of its levels.

You collected 115 gold pieces.

Inventory:

Hand Weapons
 a - a +0 dagger
 m - a +1 dagger of distortion (weapon)
Missiles
 f - 5 boomerangs
 g - 3 javelins
 q - 6 poisoned darts
Armour
 b - a +0 robe
 c - a +0 hat (worn)
 u - a +2 leather armour of poison resistance (worn)
Magical Staves
 x - a staff of air
Wands
 t - a wand of polymorph (14)
Scrolls
 d - a scroll of noise {unknown}
 e - a scroll of immolation {unknown}
 h - 3 scrolls of poison {unknown}
 j - 5 scrolls of teleportation {unknown}
 k - 2 scrolls of fear {unknown}
 l - 2 scrolls of blinking {unknown}
 s - a scroll of identify {unknown}
 v - a scroll of silence {unknown}
Potions
 i - a potion of curing {unknown}
 n - a potion of mutation {unknown}
 o - a potion of lignification {unknown}
 p - a potion of heal wounds {unknown}
 r - a potion of degeneration {unknown}
 w - a potion of brilliance {unknown}


   Skills:
 * Level 3.2 Fighting
 + Level 1.3 Short Blades
 + Level 1.8 Armour
 + Level 3.4 Dodging
 - Level 1.8 Stealth
 * Level 3.7 Spellcasting
 * Level 3.7 Conjurations
 * Level 3.7 Hexes
 * Level 3.7 Summonings
 * Level 3.7 Necromancy
 * Level 3.7 Translocations
 * Level 3.7 Transmutations
 * Level 3.7 Fire Magic
 * Level 3.7 Ice Magic
 * Level 3.7 Air Magic
 * Level 3.7 Earth Magic
 * Level 3.7 Poison Magic


You knew the following spells:

 Your Spells              Type           Power      Damage    Failure   Level
a - Magic Dart            Conj           64%        1d6       4%          1
b - Slow                  Hex            64%        N/A       4%          1
c - Blink                 Tloc           32%        N/A       7%          2
d - Call Imp              Summ           32%        N/A       7%          2
e - Mephitic Cloud        Conj/Pois/Air  16%        N/A       14%         3
f - Shock                 Conj/Air       64%        1d7       4%          1
g - Passwall              Tmut/Erth      13%        N/A       7%          2
Your spell library was empty.

Dungeon Overview and Level Annotations

Branches:
Dungeon (4/15)
 Temple: D:4-7

Altars:

Shops:
D:3 =


Innate Abilities, Weirdness & Mutations

You are immune to sickness and miasma.
You are immune to poison.
Your flesh is very heat resistant. (rF++)
You are vulnerable to cold. (rC-)
You float through the air rather than walking.
You learn spells naturally, not from books.
Your magical power is your life essence.
You have superior vitality. (+4 MHP)


Message History

The giant cockroach bites your cerulean imp but does no damage.
The scorpion barely misses your cerulean imp.
You hit the hound.
You kill the hound!
Your cerulean imp hits the scorpion with a -3 spear.
The scorpion dies!
The giant cockroach bites your cerulean imp.
Your Fighting skill increases to level 3!
Your cerulean imp barely misses the giant cockroach.
The giant cockroach closely misses your cerulean imp.
The giant cockroach bites your cerulean imp but does no damage.
Your cerulean imp hits the giant cockroach with a -3 spear.
The giant cockroach dies!
You closely miss the iguana.
Your cerulean imp hits the iguana with a -3 spear.
The iguana bites you.
You closely miss the iguana.
The iguana is lightly wounded.
The hobgoblin closely misses you.
Your cerulean imp closely misses the iguana.
The iguana misses you.
Your cerulean imp hits the iguana with a -3 spear.
The iguana bites you.
You fly upwards.
There is a stone staircase leading down here.
You hit the iguana.
The iguana is moderately wounded.
The iguana blinks!
You are too injured to fight recklessly!
You are too injured to fight recklessly!
The iguana bites you!
* * * LOW HITPOINT WARNING * * *
You hit the iguana.
The iguana is moderately wounded.
The iguana blinks!
The iguana bites you but does no damage.
You hit the iguana but do no damage.
The iguana is moderately wounded.
The iguana bites you!
You die...

#....#...............#
#......#....#.#.#...##
..............#.#...#####
..#...........#.........#
..##.#.....)..#########.#
.g............# #.####.###
.###.##.##....#
#>.......####### .#
#..........####.####.#.#......
.######.###.....@..#
#.....###.#
.#..........####l#.##########
#.#
##.####..###...............#
#.# ##.# ##.#
#.#.......###...# #.. ...# #.#
#.####....###...# ### ...# #.#
#..........##...# # ...# #.#
##########.##...###### ...#
#.# #....###.##...##.... ...#
#.#####.##.#........##.###


You could see an iguana.

Vanquished Creatures
  A howler monkey (D:4)
  A hound (D:4)
  3 gnolls (D:3)
  4 adders
  A dart slug (D:2)
  5 ball pythons
  5 bats
  3 endoplasms
  4 giant cockroaches
  4 goblins
  5 hobgoblins
  A quokka (D:1)
  2 frilled lizards (D:3)
  4 kobolds
  5 rats
48 creatures vanquished.

Vanquished Creatures (collateral kills)
  A scorpion (D:4)
  Ijyb (D:3)
  A gnoll (D:3)
  A worm (D:2)
  2 endoplasms
  A giant cockroach (D:4)
  A bat (D:2)
8 creatures vanquished.

Grand Total: 56 creatures vanquished

Notes
Turn   | Place    | Note
-------+----------+-------------------------------------------
     0 | D:1      | javelincjr the Djinni Hedge Wizard began the quest for the
                  | Orb.
     0 | D:1      | javelincjr set off with the following spells memorised:
                  | Magic Dart, Slow, Blink, Call Imp, Mephitic Cloud.
     0 | D:1      | Reached XP level 1. HP: 15/15 MP: 0/0
   149 | D:1      | Reached XP level 2. HP: 18/22 MP: 0/0
   372 | D:1      | Reached skill level 1 in Fighting
   748 | D:2      | Reached XP level 3. HP: 16/27 MP: 0/0
   748 | D:2      | Learned a level 1 spell: Shock
   880 | D:2      | Found a faded altar of an unknown god.
  1122 | D:2      | Reached XP level 4. HP: 22/33 MP: 0/0
  1896 | D:3      | Reached skill level 1 in Armour
  1898 | D:3      | Reached XP level 5. HP: 32/38 MP: 0/0
  1898 | D:3      | Learned a level 2 spell: Passwall
  2072 | D:3      | Noticed Ijyb
  2168 | D:3      | Killed Ijyb
  2185 | D:3      | Upgraded the game from 0.31-a0-986-g5e6e4ef867 to
                  | 0.31-a0-1074-g0b22e4e0f1
  2189 | D:3      | Found Laobak's One-of-a-Kind Rings.
  2713 | D:4      | Reached skill level 1 in Short Blades
  2713 | D:4      | Reached XP level 6. HP: 27/45 MP: 0/0
  2717 | D:4      | Noticed an ogre
  2733 | D:3      | Slain by an iguana

Illustrated notes

Levels and vault maps discovered:
D:1:      dpeg_arrival_simpleton_c, layout_rooms, minmay_misc_feat_ornament
D:2:      layout_basic, ebering_ecumenical_altar_mist
D:3:      layout_basic, nicolae_shop_unique_rings, hex_medium, uniq_ijyb
D:4:      layout_rooms

Skill      XL: |  1  2  3  4  5  6 |
---------------+-------------------+-----
Spellcasting   | 3 |  3.7
Conjurations   | 3 |  3.7
Hexes          | 3 |  3.7
Summonings     | 3 |  3.7
Necromancy     | 3 |  3.7
Translocations | 3 |  3.7
Transmutations | 3 |  3.7
Fire Magic     | 3 |  3.7
Ice Magic      | 3 |  3.7
Air Magic      | 3 |  3.7
Earth Magic    | 3 |  3.7
Poison Magic   | 3 |  3.7
Fighting       | 1 2 3 |  3.2
Armour         | 1 |  1.8
Dodging        | 3 |  3.4
Short Blades   | 1 |  1.3
Stealth        | |  1.8

Action                     |  1- 3 |  4- 6 || total
---------------------------+-------+-------++-------
  Melee: Dagger            |    41 |    42 ||    83
   Cast: Magic Dart        |    43 |    17 ||    60
         Shock             |     7 |    23 ||    30
         Call Imp          |     4 |    11 ||    15
   Stab: Sleeping          |       |     2 ||     2
 Armour: Robe              |    36 |     6 ||    42
         Leather armour    |       |    20 ||    20
  Dodge: Dodged            |    24 |    35 ||    59

Table legend: (Time is in decaauts)
 A = Elapsed time spent in this place.
 B = Non-inter-level travel time spent in this place.
 C = Inter-level travel time spent in this place.
 D = Time resting spent in this place.
 E = Time spent auto-exploring this place.
 F = Levels seen in this place.
 G = Mean time per level.
                   A        B        C        D        E       F      G
               +--------+--------+--------+--------+--------+-----+--------+
         Total |   2723 |   2563 |    160 |      0 |   1985 |   4 |  680.8 |
       Dungeon |   2723 |   2563 |    160 |      0 |   1985 |   4 |  680.8 |
               +--------+--------+--------+--------+--------+-----+--------+

Top non-repeatable levels by time:
     D:2: 1061 daAuts
     D:3: 901 daAuts
     D:1: 737 daAuts
     D:4: 24 daAuts
